 Dungeon Crawl Stone Soup version 0.29.0-4-gdea44cf6ec (webtiles) character file.

Game seed: 18317820627935731459

125 qw the Chopper (level 5, -2/30 HPs)
             Began as a Tengu Warper on Aug 28, 2022.
             Slain by an orc priest
             ... wielding a +0 club
              (6 damage)
             ... on level 4 of the Dungeon.
             The game lasted 00:00:17 (3045 turns).

qw the Chopper (Tengu Warper)                       Turns: 3045, Time: 00:00:17

Health: -2/30      AC:  3    Str: 19    XL:     5   Next: 9%
Magic:  9/9        EV: 14    Int: 14    God:
Gold:   137        SH:  0    Dex: 13    Spells: 8/8 levels left

rFire   . . .      SeeInvis .   l - +0 hand axe (spect)
rCold   . . .      Faith    .   (no shield)
rNeg    . . .      Spirit   .   b - +0 leather armour
rPois   +          Reflect  .   (helmet restricted)
rElec   .          Harm     .   (no cloak)
rCorr   .          Rampage  .   (no gloves)
Will    .....                   (boots unavailable)
Stlth   +.........              (no amulet)
HPRegen 0.10/turn               i - ring of poison resistance
MPRegen 0.11/turn               h - +6 ring of strength

@: flying quickly and evasively, quick
A: beak, talons 3, nimble flight
a: no special abilities


You were on level 4 of the Dungeon.
You visited 1 branch of the dungeon, and saw 4 of its levels.

You collected 137 gold pieces.


Innate Abilities, Weirdness & Mutations

You have a beak for a mouth.
You have claws for feet.
Your magical nature lets you fly swiftly and evasively.


   Skills:
 - Level 2.0 Fighting
 + Level 5.6 Axes
 - Level 1.0 Throwing
 - Level 1.1 Armour
 - Level 2.1 Dodging
 - Level 2.0 Spellcasting
 - Level 2.4 Translocations


You had 8 spell levels left.
You didn't know any spells.
Your spell library contained the following spells:

 Spells                   Type           Power      Damage    Failure   Level
 Blink                    Tloc           16%        N/A       16%         2
 Gell's Gravitas          Tloc           8%         N/A       32%         3
 Lesser Beckoning         Tloc           8%         N/A       32%         3
 Teleport Other           Tloc           8%         N/A       32%         3
 Manifold Assault         Tloc           8%         N/A       96%         5

Inventory:

Hand Weapons
 f - a +0 whip
 l - a +0 spectral hand axe (weapon)
Armour
 b - a +0 leather armour (worn)
Jewellery
 h - a +6 ring of strength (right hand)
 i - a ring of poison resistance (left hand)
Scrolls
 a - a scroll of identify
 d - a scroll of enchant weapon {unknown}
 k - a scroll of enchant armour
Potions
 c - a potion of mutation
 e - a potion of lignification {unknown}
 j - a potion of curing {unknown}

Dungeon Overview and Level Annotations

Branches:
Dungeon (4/15)
 Temple: D:4-7

Altars:
Ru


Message History

The boomerang hits your +0 spectral hand axe but does no damage.
The orc wizard hits you but does no damage.
You barely miss the orc wizard.
You claw the orc wizard, but do no damage.
The orc wizard is severely wounded.
Your +0 spectral hand axe hits the orc wizard but does no damage.
The orc wizard hits your +0 spectral hand axe with a +2 dagger of holy wrath.
Your spectral weapon shares its damage with you!
You hit the orc wizard but do no damage.
The orc wizard is severely wounded.
Your +0 spectral hand axe hits the orc wizard.
The orc wizard points at you and mumbles some strange words.
The magic dart hits you.
You hit the orc wizard.
You kill the orc wizard!
An orc priest comes into view. It is wielding a +0 club.
You have reached level 5!
Your magical nature develops, letting you fly swiftly and evasively.
An orc comes into view. It is wielding a +0 dagger.
The orc shouts!
The orc priest shouts!
The orc priest hits you with a +0 club.
Items here: ! %% ( ))) [.
You hit the orc priest but do no damage.
Your kick misses the orc priest. You closely miss the orc.
The orc priest hits you but does no damage.
The orc hits you but does no damage.
You hit the orc priest but do no damage.
Your peck misses the orc priest. You hit the orc but do no damage.
The orc priest hits you with a +0 club. The orc barely misses you.
You hit the orc priest but do no damage.
You peck the orc priest, but do no damage.
You hit the orc.
The orc priest calls down the wrath of Beogh upon you.
Beogh smites you! The orc closely misses you.
You closely miss the orc. You peck the orc.
You kill the orc!
You hit the orc priest but do no damage.
Your +0 spectral hand axe hits the orc priest.
The orc priest hits you with a +0 club.
You die...

### ##.###
###....#########
###..............#
#..............<.#
##.####...#####..##
#.## ##.## #.## #.#
##..## #.# ###
#..@o# ### #..#(.#
#.###..# #. #..# #.
#... #. .... ## ...
.(


You could see an orc priest and a friendly +0 spectral hand axe (summoned).

Vanquished Creatures
  An orc wizard (D:4)
  2 adders
  2 worms (D:3)
  2 dart slugs
  2 orcs (D:4)
  7 ball pythons
  3 bats
  8 endoplasms
  3 giant cockroaches
  6 hobgoblins
  8 kobolds
  3 quokkas
  4 frilled lizards
  9 goblins
  9 rats
69 creatures vanquished.

Notes
Turn   | Place    | Note
-------+----------+-------------------------------------------
     0 | D:1      | qw the Tengu Warper began the quest for the Orb.
     0 | D:1      | Reached XP level 1. HP: 12/12 MP: 4/4
     0 | D:1      | 0 ||| qw: Version: 0.1-a-89-g26bdef1
     0 | D:1      | 0 ||| qw: Game counter: 1702
     0 | D:1      | 0 ||| qw: Always use a shield: true
     0 | D:1      | 0 ||| qw: God list: Okawaru
     0 | D:1      | 0 ||| qw: Allow faded altars: false
     0 | D:1      | 0 ||| qw: Do Orc after D:15 true
     0 | D:1      | 0 ||| qw: Do second Lair branch before Depths: true
     0 | D:1      | 0 ||| qw: Lair rune preference: random
     0 | D:1      | 0 ||| qw: Plans: Normal
     0 | D:1      | 0 ||| PLANNING D:1-11
   103 | D:1      | 103 ||| Stepping ~*~*~tactically~*~*~ (stealth).
   177 | D:1      | 177 ||| Stepping ~*~*~tactically~*~*~ (stealth).
   193 | D:1      | Reached skill level 3 in Axes
   193 | D:1      | Reached XP level 2. HP: 17/17 MP: 6/6
   315 | D:1      | 315 ||| Stepping ~*~*~tactically~*~*~ (hiding).
   500 | D:1      | 500 ||| Stepping ~*~*~tactically~*~*~ (stealth).
   505 | D:1      | 505 ||| Stepping ~*~*~tactically~*~*~ (stealth).
   583 | D:1      | 583 ||| Stepping ~*~*~tactically~*~*~ (stealth).
   587 | D:1      | 587 ||| Stepping ~*~*~tactically~*~*~ (stealth).
   665 | D:1      | Reached XP level 3. HP: 21/21 MP: 7/7
   817 | D:1      | Reached skill level 4 in Axes
   822 | D:1      | 822 ||| UPGRADING to ring of poison resistance.
   823 | D:1      | 823 ||| READING scroll labelled BODATT ZENALU.
   824 | D:1      | 824 ||| READING scroll labelled MAINEH ESAOSO.
   829 | D:1      | 829 ||| READING 2 scrolls labelled COL SUNU BIWO.
   830 | D:1      | 830 ||| DROPPING scroll of blinking.
  1149 | D:2      | Found a sacrificial altar of Ru.
  1204 | D:2      | 1204 ||| Stepping ~*~*~tactically~*~*~ (stealth).
  1205 | D:2      | 1205 ||| Stepping ~*~*~tactically~*~*~ (stealth).
  1453 | D:2      | 1453 ||| Stepping ~*~*~tactically~*~*~ (stealth).
  1456 | D:2      | 1456 ||| Stepping ~*~*~tactically~*~*~ (stealth).
  1457 | D:2      | 1457 ||| Stepping ~*~*~tactically~*~*~ (stealth).
  1522 | D:2      | 1522 ||| Stepping ~*~*~tactically~*~*~ (stealth).
  1552 | D:2      | 1552 ||| Stepping ~*~*~tactically~*~*~ (stealth).
  1553 | D:2      | 1553 ||| Stepping ~*~*~tactically~*~*~ (stealth).
  1554 | D:2      | 1554 ||| Stepping ~*~*~tactically~*~*~ (stealth).
  1555 | D:2      | 1555 ||| Stepping ~*~*~tactically~*~*~ (stealth).
  1556 | D:2      | 1556 ||| Stepping ~*~*~tactically~*~*~ (stealth).
  1818 | D:2      | Reached XP level 4. HP: 13/26 MP: 8/8
  2300 | D:2      | 2300 ||| UPGRADING to +6 ring of strength.
  2301 | D:2      | 2301 ||| READING 3 scrolls labelled DUGAD XIDAGO.
  2302 | D:2      | 2302 ||| DRINKING 2 sedimented dark potions.
  2303 | D:2      | 2303 ||| READING 2 scrolls of identify.
  2303 | D:2      | 2303 ||| IDENTIFYING bubbling silvery potion
  2304 | D:2      | 2304 ||| DROPPING potion of brilliance.
  2551 | D:3      | 2551 ||| Stepping ~*~*~tactically~*~*~ (stealth).
  2553 | D:3      | 2553 ||| Stepping ~*~*~tactically~*~*~ (hiding).
  2601 | D:3      | 2601 ||| Stepping ~*~*~tactically~*~*~ (stealth).
  2603 | D:3      | 2603 ||| Stepping ~*~*~tactically~*~*~ (stealth).
  2608 | D:3      | 2608 ||| Stepping ~*~*~tactically~*~*~ (stealth).
  2609 | D:3      | 2609 ||| Stepping ~*~*~tactically~*~*~ (stealth).
  2645 | D:3      | Reached skill level 5 in Axes
  2663 | D:3      | 2663 ||| Stepping ~*~*~tactically~*~*~ (stealth).
  2664 | D:3      | 2664 ||| Stepping ~*~*~tactically~*~*~ (stealth).
  2667 | D:3      | 2667 ||| Stepping ~*~*~tactically~*~*~ (stealth).
  2695 | D:3      | 2695 ||| Stepping ~*~*~tactically~*~*~ (stealth).
  2977 | D:3      | 2977 ||| READING scroll labelled CAGUAXELIG.
  2978 | D:3      | 2978 ||| READING scroll labelled PUIDEQ KOLEREO.
  3026 | D:4      | 3026 ||| Stepping ~*~*~tactically~*~*~ (hiding).
  3041 | D:4      | Gained mutation: Your magical nature lets you fly swiftly
                  | and evasively. [Tengu growth]
  3041 | D:4      | Reached XP level 5. HP: 20/30 MP: 9/9
  3044 | D:4      | HP: 4/30 [orc priest/divine providence (12)]
  3045 | D:4      | Slain by an orc priest

Levels and vault maps discovered:
D:1:      scummos_arrival_gate, layout_basic
D:2:      layout_basic, basic_altar, chequers_serial_rivers_small_b,
          st_stairs_13, nrook_mini_vaults
D:3:      layout_loops_ring, serial_bayou_pond_d, chequers_serial_rivers_small_a
D:4:      layout_layer_cave, nicolae_gozag_zags_fifth_avenue, serial_shops,
          nicolae_shop_trees

Skill      XL: |  1  2  3  4 |
---------------+-------------+-----
Axes           | 3 4 5 |  5.6
Fighting       | |  2.0
Throwing       | |  1.0
Armour         | |  1.1
Dodging        | |  2.1
Spellcasting   | |  2.0
Translocations | |  2.4

Action                   |  1- 3 |  4- 6 || total
-------------------------+-------+-------++-------
Melee: Hand axe          |    83 |    35 ||   118
       Kick              |    26 |     7 ||    33
       Peck              |    13 |     6 ||    19
Throw: Boomerang         |     7 |       ||     7
       Javelin           |       |    29 ||    29
  Use: Scroll            |     3 |     4 ||     7
       Potion            |       |     1 ||     1
Armor: Leather armour    |     8 |     5 ||    13
Dodge: Dodged            |    31 |    16 ||    47

Table legend:
 A = Non-vault XP
 B = Vault XP
 C = Vault XP percentage of total XP
 D = Non-vault monster count
 E = Vault monster count
 F = Vault count percentage of total count
                 A         B        C        D         E       F
            +---------+---------+-------+---------+---------+-------
      Total |     180 |       2 |   1.1 |      68 |       1 |   1.4
            +---------+---------+-------+---------+---------+-------
        D:1 |      45 |       0 |   0.0 |      27 |       0 |   0.0
        D:2 |      40 |       2 |   4.8 |      18 |       1 |   5.3
        D:3 |      52 |       0 |   0.0 |      19 |       0 |   0.0
        D:4 |      43 |       0 |   0.0 |       4 |       0 |   0.0
            +---------+---------+-------+---------+---------+-------
